 Dungeon Crawl Stone Soup version 0.23.2-1-ga50397a6bc (webtiles) character file.

Game seed: 2523299037502735210

113 Kobolds4U the Sneak (level 4, 0/23 HPs)
             Began as a Spriggan Assassin on May 31, 2019.
             Killed by nerve-wracking pain
             ... invoked by an orc priest
              (7 damage)
             ... on level 3 of the Dungeon.
             The game lasted 00:04:46 (1899 turns).

Kobolds4U the Sneak (Spriggan Assassin)             Turns: 1899, Time: 00:04:46

Health: 0/23       AC:  3    Str:  7    XL:     4   Next: 65%
Magic:  5/5        EV: 18    Int: 12    God:
Gold:   117        SH:  0    Dex: 18    Spells: 3/3 levels left

rFire    . . .     SeeInvis +   a - +1 short sword (elec)
rCold    . . .     Gourm    .   (shield restricted)
rNeg     + . .     Faith    .   c - +0 robe
rPois    .         Spirit   .   (helmet restricted)
rElec    .         Reflect  .   d - +0 cloak
rCorr    .         Harm     .   (gloves unavailable)
MR       .....                  (boots unavailable)
Stlth    +++.......             (no amulet)
HPRegen  0.07/turn              p - ring of positive energy
MPRegen  0.09/turn              (no ring)

@: very quick
A: very small, unfitting armour, see invisible, herbivore, speed 3, slow
metabolism 2
a: no special abilities


You were on level 3 of the Dungeon.
You were not hungry.

You visited 1 branch of the dungeon, and saw 3 of its levels.

You collected 117 gold pieces.

Inventory:

Hand Weapons
 a - a +1 short sword of electrocution (weapon)
 b - a +0 blowgun
 i - a +2 dagger
Missiles
 e - 26 poisoned needles
 f - 2 curare-tipped needles
 l - 25 arrows
 o - 2 needles of confusion
Armour
 c - a +0 robe (worn)
 d - a +0 cloak (worn)
Jewellery
 p - a ring of positive energy (left hand)
 q - an uncursed ring of positive energy
Scrolls
 n - 3 scrolls of identify {unknown}
 r - a scroll of remove curse {unknown}
 t - a scroll of amnesia {unknown}
Potions
 h - a potion of cancellation {unknown}
 j - a potion of brilliance {unknown}
 k - a potion of ambrosia {unknown}
 m - 3 potions of haste {unknown}
 s - a potion of lignification {unknown}
Comestibles
 g - 3 rations


   Skills:
 - Level 2.0 Fighting
 * Level 4.8 Short Blades
 - Level 2.0 Throwing
 - Level 3.0 Dodging
 - Level 5.8 Stealth


You had 3 spell levels left.
You didn't know any spells.
Your spell library was empty.

Dungeon Overview and Level Annotations

Branches:
Dungeon (3/15)

Altars:
Sif Muna
Wu Jian


Innate Abilities, Weirdness & Mutations

You are very small and have problems with some larger weapons.
You are too small for most types of armour.
You have supernaturally acute eyesight. (SInv)
You are a herbivore.
You cover ground extremely quickly.
You need to consume almost no food.


Message History

You hit the orc wizard.
Lightning courses through the orc wizard!
You kill the orc wizard!
You barely miss the orc. You barely miss the orc priest. The orc misses you.
The orc priest hits you with a +0 club.
You hit the orc priest.
The orc priest is lightly wounded.
The orc closely misses you. The orc priest hits you with a +0 club.
You hit the orc priest but do no damage.
The orc priest is lightly wounded.
The orc hits you with a +0 dagger.
You completely miss the orc priest.
The orc priest is lightly wounded.
The orc priest closely misses you. The orc hits you with a +0 dagger.
You hit the orc priest.
The orc priest is moderately wounded.
The orc priest invokes the aid of Beogh against you.
Pain shoots through your body!
You die...

#..###.###....##.# #..# #.#
####..#.# ###..###.# ##.#.#
.........# #.#.# # .........#
#.#.# #.# .........# #...### ...#
.........# ##....### .....
.........########.##...####......
................@o...........>...
.........########o#..(.........##
####.###.# #.#..........#... #.#
#.# ###.#..........# # #.# #.#
#$...)†......[.# ##.# #.#
#...............#
#..###.####..>.......###.###
##.##...(.(#..........# .#
#....).....#..........# .#


You could see an orc priest and an orc.

Vanquished Creatures
  An orc wizard (D:3)
  An adder (D:2)
  2 oozes (D:1)
  2 worms
  2 dart slugs
  2 leopard geckos (D:2)
  2 giant cockroaches (D:2)
  10 goblins
  5 hobgoblins
  4 jackals (D:1)
  5 kobolds
  A quokka (D:3)
  A ball python (D:3)
  8 bats
  5 frilled lizards
  6 rats
57 creatures vanquished.

Notes
Turn   | Place    | Note
-------+----------+-------------------------------------------
     0 | D:1      | Kobolds4U the Spriggan Assassin began the quest for the
                  | Orb.
     0 | D:1      | Reached XP level 1. HP: 10/10 MP: 2/2
    95 | D:1      | Reached XP level 2. HP: 10/15 MP: 3/3
   617 | D:1      | Reached XP level 3. HP: 18/18 MP: 4/4
  1116 | D:2      | Found a deep blue altar of Sif Muna.
  1155 | D:2      | Found an ornate altar of the Wu Jian Council.
  1261 | D:2      | Reached XP level 4. HP: 23/23 MP: 5/5
  1899 | D:3      | Killed from afar by an orc priest

Skill      XL: |  1  2  3 |
---------------+----------+-----
Dodging        | 2 3 |  3.0
Short Blades   | 3 4 |  4.8
Fighting       | 2 |  2.0
Throwing       | |  2.0
Stealth        | |  5.8

Action                   |  1- 3 |  4- 6 || total
-------------------------+-------+-------++-------
Melee: Dagger            |    12 |       ||    12
       Short sword       |    77 |    34 ||   111
 Fire: Blowgun           |     1 |       ||     1
 Stab: Sleeping          |     8 |     5 ||    13
Armor: Robe              |    13 |     2 ||    15
Dodge: Dodged            |    80 |    28 ||   108
